 Dungeon Crawl Stone Soup version 0.29-a0-319-gad05b8d819 (webtiles) character file.

Game seed: 1529113941869672899

214 mdonais the Skirmisher (level 5, -3/52 HPs)
             Began as a Mayflytaur Chaos Knight on Apr 2, 2022.
             Was a Plaything of Xom.
             Slain by a wolf spider (glowing shapeshifter) (17 damage)
             ... on level 4 of the Dungeon.
             The game lasted 00:12:43 (1626 turns).

mdonais the Skirmisher (Mayflytaur Chaos Knight)    Turns: 1626, Time: 00:12:44

Health: -3/52      AC:  9    Str: 15    XL:     5   Next: 91%
Magic:  6/6        EV:  6    Int: 14    God:    Xom [.*....]
Gold:   213        SH:  0    Dex: 19    Spells: 4/4 levels left

rFire   . . .      SeeInvis .   a - +0 hand axe (chaos)
rCold   . . .      Faith    .   (no shield)
rNeg    . . .      Spirit   .   q - +0 chain mail
rPois   .          Reflect  .   (no helmet)
rElec   .          Harm     .   g - +0 cloak
rCorr   .          Rampage  .   (no gloves)
Will    .....                   (no boots)
Stlth   ..........              (no amulet)
HPRegen 0.17/turn               d - +6 ring of dexterity
MPRegen 0.10/turn               (no ring)

@: flying, bezotted
A: damage resistance, big wings, sense surroundings 1, short lifespan
a: Renounce Religion


You were on level 4 of the Dungeon.
You worshipped Xom.
You were a plaything of Xom.
You visited 1 branch of the dungeon, and saw 4 of its levels.

You collected 213 gold pieces.

Inventory:

Hand Weapons
 a - a +0 hand axe of chaos (weapon)
 h - a +0 hunting sling
   (You found it on level 1 of the Dungeon)
Missiles
 i - 8 poisoned darts
 k - a stone
 J - 3 atropa-tipped darts
Armour
 b - a +2 leather armour
 g - a +0 cloak (worn)
   (You found it on level 1 of the Dungeon)
 q - a +0 chain mail (worn)
   (You took it off an orc on level 3 of the Dungeon)
Magical Staves
 m - a staff of cold
   (You found it on level 2 of the Dungeon)
Jewellery
 d - a +6 ring of dexterity (left hand)
   (You found it on level 1 of the Dungeon)
 l - the ring "Oxotai" {*Corrode MP+9 Int+4 Dex+3 Stlth+}
   (You found it on level 4 of the Dungeon)

   [ring of magical power]

   Int:       It affects your intelligence (+4).
   Dex:       It affects your dexterity (+3).
   MP:        It affects your magic capacity (+9).
   *Corrode:  It may corrode you when you take damage.
   Stlth:     It makes you more stealthy.
Scrolls
 j - a scroll of immolation {unknown}
 o - a scroll of noise
 r - a scroll of vulnerability
 B - a scroll of blinking
 M - a scroll of magic mapping
 T - 2 scrolls of teleportation
Potions
 e - a potion of lignification
 f - a potion of mutation {unknown}
 n - a potion of curing {unknown}
 s - a potion of flight {unknown}
 H - a potion of haste
Miscellaneous
 c - a piece from Xom's chessboard (15/15) (quivered)


   Skills:
 + Level 5.4 Fighting
 + Level 5.4 Axes
 - Level 2.1 Armour
 - Level 1.1 Dodging


You had 4 spell levels left.
You didn't know any spells.
Your spell library was empty.

Dungeon Overview and Level Annotations

Branches:
Dungeon (4/15)
 Temple: D:4-7

Altars:


Innate Abilities, Weirdness & Mutations

You are resistant to damage.
Your large and strong wings let you fly.
You passively map a small area around you.
You are easily found by Zot.


Message History

The phantom hits you but does no damage.
You completely miss the phantom.
The phantom is heavily damaged.
You hit the phantom. You burn the phantom.
The phantom is heavily damaged.
You barely miss the phantom.
The phantom is heavily damaged.
The phantom hits you.
The phantom hits itself but does no damage.
You take 3 damage, and have 47/52 hp.
You catch the helpless phantom completely off-guard!
You hit the phantom. You burn the phantom.
The phantom is heavily damaged.
You hit the phantom. You burn the phantom.
The phantom is severely damaged.
The phantom barely misses you.
The phantom closely misses itself.
You catch the helpless phantom completely off-guard!
You hit the phantom.
The phantom is almost destroyed.
The phantom hits you.
You take 1 damage, and have 46/52 hp.
You hit the phantom but do no damage. You punch the phantom.
The phantom is almost destroyed.
The phantom hits you.
The phantom blinks!
You blink.
A giant cockroach comes into view.
You barely miss the phantom.
The phantom is almost destroyed.
You closely miss the phantom.
The phantom is almost destroyed.
You hit the phantom.
You destroy the phantom!
Your Axes skill increases to level 5!
You see here the ring "Oxotai" {*Corrode MP+9 Int+4 Dex+3 Stlth+}.
l - the ring "Oxotai" {*Corrode MP+9 Int+4 Dex+3 Stlth+} The giant cockroach bites you but does no damage.
You barely miss the giant cockroach.
The giant cockroach bites you but does no damage.
You hit the giant cockroach.
The giant cockroach is moderately wounded.
The giant cockroach barely misses you.
You barely miss the giant cockroach.
The giant cockroach is moderately wounded.
The giant cockroach bites you but does no damage.
You closely miss the giant cockroach.
The giant cockroach is moderately wounded.
The giant cockroach bites you but does no damage. x2
You hit the giant cockroach.
The giant cockroach suddenly seems more agile.
You punch the giant cockroach, but do no damage.
The giant cockroach is severely wounded.
The giant cockroach bites you but does no damage.
You hit the giant cockroach.
The giant cockroach is almost dead.
The giant cockroach barely misses you.
You hit the giant cockroach. You burn the giant cockroach.
You kill the giant cockroach!
No target in view!
Okay, then. 2 orcs come into view.
The orc shouts!
You see here 11 gold pieces.
You now have 213 gold pieces (gained 11).
A kobold and an orc come into view.
The kobold is wielding a +0 short sword and quivering poisoned darts.
The orc shouts!
The kobold moves out of view.
Found a scale mail.
The orc hits you but does no damage.
A dart slug comes into view.
You hit the orc but do no damage.
The orc seems to slow down.
Your punch misses the orc. You hit the orc.
The orc is poisoned.
The orc hits you but does no damage.
You slash the orc!
You kill the orc!
You hit the orc but do no damage.
The orc flickers and vanishes!
Deactivating autopickup; reactivate with Ctrl-A.
The kobold throws a poisoned dart.
The poisoned dart hits you!
You are poisoned.
You hit the orc.
The orc is moderately wounded.
You hit something but do no damage. Something hits you but does no damage.
The orc closely misses you.
You hit the orc but do no damage.
The orc seems to speed up.
The orc is moderately wounded.
You hit something.
You feel better. The orc hits you but does no damage.
Something hits you but does no damage.
Health restored: 52 The orc attacks as you move away!
The orc hits you but does no damage. x2
You hit the orc.
You kill the orc!
You closely miss the kobold. You barely miss something.
The kobold hits you but does no damage. Something hits you but does no damage.
You closely miss the kobold. You hit something.
The kobold hits you but does no damage. Something hits you.
You take 2 damage, and have 50/52 hp.
You miss something. You hit the kobold.
You kill the kobold!
You hit the dart slug.
The dart slug is moderately wounded.
You hit something.
A glowing shapeshifter appears out of thin air!
Reactivating autopickup.
Xom roars with laughter!
You are no longer poisoned.
The glowing shapeshifter changes into a water nymph!
The dart slug launches a dart at you.
The slug dart hits you but does no damage.
You hit the dart slug.
Lightning courses through the dart slug!!
You kill the dart slug!
You closely miss the water nymph. You hit the water nymph.
You feel better.
The water nymph is lightly wounded.
The water nymph touches you. The water nymph drowns you!
You take 9 damage, and have 42/52 hp.
You hit the water nymph.
The water nymph is lightly wounded.
The water nymph changes into a merfolk!
You hit the merfolk but do no damage. You hit the merfolk.
You burn the merfolk.
The merfolk is lightly wounded.
The merfolk picks up a +0 club.
The merfolk wields a +0 club.
The merfolk picks up a +0 ring mail.
The merfolk wears a +0 ring mail.
You hit the merfolk. You freeze the merfolk.
The merfolk is moderately wounded.
The merfolk hits you but does no damage.
You hit the merfolk but do no damage.
The merfolk goes berserk!
The merfolk is moderately wounded.
The merfolk barely misses you.
You closely miss the merfolk.
The merfolk is moderately wounded.
The merfolk hits you with a +0 club!
The merfolk hits you but does no damage.
You take 7 damage, and have 36/52 hp.
You hit the merfolk.
The merfolk is moderately wounded.
The merfolk changes into a wolf spider!
You hit the wolf spider.
The wolf spider seems to grow stronger.
The wolf spider is lightly wounded.
The wolf spider hits you. The wolf spider barely misses you.
You take 4 damage, and have 32/52 hp.
You hit the wolf spider but do no damage.
The wolf spider is lightly wounded. "Heh heh heh..."
The wolf spider looks rather confused.
The wolf spider seems to be having trouble coordinating all eight of its legs.
The wolf spider hits you!!
* * * LOW HITPOINT WARNING * * *
The wolf spider bites you!!
You die...
Xom bursts into laughter!

, ... [#.# ,# * , ... ....
.# .. ...# ..# * ,
..#..##.## , , .#..#...# *
* *,.....#. * #.)#...* *
#########).##.##.# * *
........@s.##.##.# ##
#.#########.###.##.### ###.
#.....................,..#.
...>........##...#.## #.#.
#.############...#)# #.#.
#...#.#####.#.
#............. ,
#.#...........
#.#########.##


You could see a wolf spider shaped shifter (strong, confused).

Vanquished Creatures
  A phantom (D:4)
  7 adders
  A dart slug (D:4)
  9 orcs
  6 ball pythons
  3 bats
  6 endoplasms
  2 giant cockroaches
  6 goblins
  2 hobgoblins
  5 jackals
  5 kobolds
  3 quokkas (D:1)
  4 frilled lizards
  2 rats
62 creatures vanquished.

Notes
Turn   | Place    | Note
-------+----------+-------------------------------------------
     0 | D:1      | mdonais the Mayflytaur Chaos Knight began the quest for the
                  | Orb.
     0 | D:1      | Reached XP level 1. HP: 21/21 MP: 2/2
    89 | D:1      | Reached XP level 2. HP: 27/28 MP: 3/3
    97 | D:1      | Glimpsed the power of Zot.
   193 | D:1      | Found a faded altar of an unknown god.
   247 | D:1      | XOM: silly message
   375 | D:2      | Reached XP level 3. HP: 35/36 MP: 4/4
   600 | D:2      | Reached XP level 4. HP: 45/45 MP: 5/5
   686 | D:2      | XOM: noise
   691 | D:2      | Glimpsed the power of Zot.
   791 | D:3      | Glimpsed the power of Zot.
   881 | D:3      | XOM: 2-stop teleportation journey
   978 | D:2      | You are sucked into a shaft and drop 1 floor!
  1284 | D:3      | Glimpsed the power of Zot.
  1339 | D:4      | Reached XP level 5. HP: 51/51 MP: 6/6
  1383 | D:4      | Glimpsed the power of Zot.
  1473 | D:4      | Reached skill level 5 in Fighting
  1568 | D:4      | Noticed a phantom
  1576 | D:4      | XOM: swap monsters
  1588 | D:4      | Killed a phantom
  1589 | D:4      | Reached skill level 5 in Axes
  1590 | D:4      | Identified the ring "Oxotai" {*Corrode MP+9 Int+4 Dex+3
                  | Stlth+}
  1615 | D:4      | Noticed a glowing shapeshifter
  1615 | D:4      | Noticed a water nymph
  1615 | D:4      | a glowing shapeshifter changed into a water nymph
  1618 | D:4      | Noticed a merfolk
  1618 | D:4      | a water nymph changed into a merfolk
  1624 | D:4      | Noticed a wolf spider
  1624 | D:4      | a merfolk changed into a wolf spider
  1626 | D:4      | XOM: confuse monster(s)
  1626 | D:4      | Slain by a wolf spider (glowing shapeshifter)

Illustrated notes

Levels and vault maps discovered:
D:1:      scummos_arrival_gate, layout_rooms, ebering_ecumenical_altar_rust
D:2:      layout_loops_corners
D:3:      layout_basic, grunt_decor_fettered
D:4:      layout_loops_ring, minmay_temple_entry_junction

Skill      XL: |  1  2  3  4  5 |
---------------+----------------+-----
Fighting       | 4 5 |  5.4
Axes           | 4 5 |  5.4
Armour         | |  2.1
Dodging        | |  1.1

Action                   |  1- 3 |  4- 6 || total
-------------------------+-------+-------++-------
Melee: Hand axe          |    84 |   161 ||   245
       Punch             |     1 |     2 ||     3
  Use: Scroll            |       |     7 ||     7
 Stab: Sleeping          |     2 |     1 ||     3
       Confused          |       |     2 ||     2
Armor: Leather armour    |    33 |    30 ||    63
       Chain mail        |       |    57 ||    57
Dodge: Dodged            |    45 |    51 ||    96

Table legend: (Time is in decaauts)
 A = Elapsed time spent in this place.
 B = Non-inter-level travel time spent in this place.
 C = Inter-level travel time spent in this place.
 D = Time resting spent in this place.
 E = Time spent auto-exploring this place.
 F = Levels seen in this place.
 G = Mean time per level.
                   A        B        C        D        E       F      G
               +--------+--------+--------+--------+--------+-----+--------+
         Total |   1646 |   1496 |    150 |      0 |      0 |   4 |  411.5 |
       Dungeon |   1646 |   1496 |    150 |      0 |      0 |   4 |  411.5 |
               +--------+--------+--------+--------+--------+-----+--------+

Top non-repeatable levels by time:
     D:3: 549 daAuts
     D:2: 464 daAuts
     D:1: 321 daAuts
     D:4: 310 daAuts
